 Dungeon Crawl Stone Soup version 0.29.1-15-g9cfb28693d (webtiles) character file.

Game seed: 12721495034830874053

14 nickaroo1289 the Grave Robber (level 2, 0/20 HPs)
             Began as a Ghoul Necromancer on Mar 19, 2023.
             Slain by an adder (3 damage)
             ... on level 2 of the Dungeon.
             The game lasted 00:09:12 (1219 turns).

nickaroo1289 the Grave Robber (Ghoul Necromancer)   Turns: 1219, Time: 00:09:13

Health: 0/20       AC:  4    Str: 11    XL:     2   Next: 45%
Magic:  1/3        EV:  9    Int: 10    God:
Gold:   59         SH:  0    Dex:  9    Spells: 3/4 levels left

rFire   . . .      SeeInvis .   e - staff of cold
rCold   + + .      Faith    .   (no shield)
rNeg    + + +      Spirit   .   f - +2 robe {Will+}
rPois   ∞          Reflect  .   (no helmet)
rElec   .          Harm     .   (no cloak)
rCorr   .          Rampage  .   (no gloves)
Will    +....                   (no boots)
Stlth   ++........              (no amulet)
HPRegen 0.00/turn               (no ring)
MPRegen 0.08/turn               (no ring)

@: inhibited regen, constricted
A: claws 1, cold resistance 1, negative energy resistance 3, inhibited
regeneration, torment resistance 2, devour on kill
a: no special abilities


You were on level 2 of the Dungeon.
You visited 1 branch of the dungeon, and saw 2 of its levels.

You collected 59 gold pieces.

Inventory:

Hand Weapons
 d - a +0 dagger
Armour
 a - a +0 robe
 c - a +0 leather armour
 f - a +2 robe of willpower (worn)
Magical Staves
 e - a staff of cold (weapon)
Scrolls
 g - a scroll of immolation


   Skills:
 + Level 0.1 Staves
 + Level 1.9 Dodging
 + Level 2.3 Stealth
 + Level 1.8 Spellcasting
 + Level 4.3 Necromancy


You had 3 spell levels left.
You knew the following spells:

 Your Spells              Type           Power      Damage    Failure   Level
a - Necrotise             Necr           36%        1d5       5%          1

Your spell library contained the following spells:

 Spells                   Type           Power      Damage    Failure   Level
 Vampiric Draining        Necr           9%         2d6       16%         3
 Animate Dead             Necr           9%         N/A       45%         4
 Agony                    Necr           9%         N/A       82%         5


Dungeon Overview and Level Annotations

Branches:
Dungeon (2/15)

Altars:


Innate Abilities, Weirdness & Mutations

You are immune to poison.
You have sharp fingernails.
Your flesh is cold resistant. (rC+)
You are immune to negative energy. (rN+++)
You do not regenerate when monsters are visible.
You are immune to unholy pain and torment.
You thrive by killing the living.


Message History

The ball python attacks as you move away!
The ball python barely misses you. The ball python closely misses you.
Casting: Necrotise (safe; 5% risk of failure)
Confirm with . or Enter, or press ? or * to list all spells.
Aiming: Necrotise (safe; 5% risk of failure)
Press: ? - help, Shift-Dir - straight line, f/p - adder
Aim: an adder (lightly wounded, chance to affect: 69%)
The adder writhes in agony.
The adder bites you.
Casting: Necrotise (safe; 5% risk of failure)
Confirm with . or Enter, or press ? or * to list all spells.
You don't have enough magic to cast this spell.
The adder bites you. The ball python barely misses you.
The ball python grabs you. The ball python constricts you.
You escape the ball python's grasp.
Found 15 gold pieces.
The adder bites you but does no damage.
The ball python bites you but does no damage.
The ball python barely misses you. The adder barely misses you.
The ball python closely misses you. x2
A goblin comes into view. It is wielding a +0 club.
The adder bites you. The ball python closely misses you.
The ball python grabs you. The ball python constricts you. The adder bites you.
* * * LOW HITPOINT WARNING * * *
You escape the ball python's grasp.
A kobold comes into view. It is wielding a +0 dagger.
The adder attacks as you move away! The adder bites you but does no damage.
The goblin hits you but does no damage. The adder bites you.
* * * LOW HITPOINT WARNING * * *
The ball python attacks as you move away!
The ball python closely misses you. The ball python barely misses you.
The adder attacks as you move away! The adder barely misses you.
A goblin comes into view. It is wielding a +0 club.
The adder misses you. The goblin attacks as you move away!
The goblin hits you but does no damage. The adder barely misses you.
You hit the ball python.
The ball python is severely wounded.
The ball python bites you.
* * * LOW HITPOINT WARNING * * *
The ball python grabs you. The ball python constricts you. The adder bites you.
You die...

#...#..#.<..#..#
#...#.......#..#
#...#..._.#....#
#...#.......#...
##...#..#.<..#...
##....##.....##...
#g.......#####....
#######S#...............
g.....K@S...............
##.....####..#..........
#.#### ##$##......... #.
#..#.........
##..####..#.. ##..
#..#.. ## #....# ......
.#..##.


You could see an adder, 2 goblins, a ball python and a kobold.

Vanquished Creatures
  2 bats (D:1)
  2 goblins (D:1)
  3 kobolds (D:1)
  A quokka (D:1)
  3 rats (D:1)
11 creatures vanquished.

Vanquished Creatures (collateral kills)
  A dart slug (D:1)
1 creature vanquished.

Grand Total: 12 creatures vanquished

Notes
Turn   | Place    | Note
-------+----------+-------------------------------------------
     0 | D:1      | nickaroo1289 the Ghoul Necromancer began the quest for the
                  | Orb.
     0 | D:1      | Reached XP level 1. HP: 14/14 MP: 2/2
   851 | D:1      | Reached XP level 2. HP: 20/20 MP: 0/3
  1151 | D:2      | Found a faded altar of an unknown god.
  1219 | D:2      | Slain by an adder

Illustrated notes

Levels and vault maps discovered:
D:1:      psy_arrival_basics, layout_basic
D:2:      layout_rooms, nicolae_ecumenical_pavilion, hex_medium,
          nicolae_elevator_lobby_asterisk

Action                   || total
-------------------------++-------
Melee: Staff             ||    28
 Cast: Necrotise         ||    20
  Use: Potion            ||     2
       Scroll            ||     4
Armor: Robe              ||    37
Dodge: Dodged            ||    76
